 Dungeon Crawl Stone Soup version 0.27.1-1-g398f81649c (webtiles) character file.

Game seed: 12173819284476267338

23 ABBCCCDDDD the Skirmisher (level 3, -4/26 HPs)
             Began as an Octopode Abyssal Knight on Sept 12, 2021.
             Was a Follower of Lugonu.
             Slain by an adder (5 damage)
             ... on level 2 of the Dungeon.
             The game lasted 00:01:26 (1598 turns).

ABBCCCDDDD the Skirmisher (Octopode Abyssal Knight) Turns: 1598, Time: 00:01:27

Health: -4/26      AC:  1    Str:  8 (11) XL:     3   Next: 0%
Magic:  4/4        EV: 13    Int: 14 (15) God:    Lugonu [*.....]
Gold:   45         SH:  0    Dex: 10 (11) Spells: 2/2 levels left

rFire    . . .     SeeInvis .     - Unarmed
rCold    . . .     Faith    .   (no shield)
rNeg     . . .     Spirit   .   (helmet restricted)
rPois    .         Reflect  .   (no amulet)
rElec    .         Harm     .   b - +4 ring of slaying
rCorr    .         Rampage  .   (no ring)
Will     .....                  (no ring)
Stlth    +++.......             (no ring)
HPRegen  0.08/turn              (no ring)
MPRegen  0.09/turn              (no ring)
                                (no ring)
                                (no ring)

@: lethally poisoned (-4 -> -5)
A: almost no armour, amphibious, 8 rings, camouflage 1, gelatinous body 1,
(nimble swimmer 1), tentacles
a: Renounce Religion, Depart the Abyss


You were on level 2 of the Dungeon.
You worshipped Lugonu.
Lugonu was aware of your devotion.
You visited 1 branch of the dungeon, and saw 2 of its levels.
You visited the Abyss 1 time.

You collected 45 gold pieces.

Inventory:

Missiles
 c - 6 atropa-tipped darts (quivered)
Jewellery
 b - a +4 ring of slaying (left tentacle)
Scrolls
 d - a scroll of enchant armour {unknown}
 e - a scroll of teleportation {unknown}


   Skills:
 + Level 3.3 Fighting
 - Level 2.3 Dodging
 + Level 2.0 Stealth
 + Level 2.5 Unarmed Combat
 - Level 2.0 Invocations


You had 2 spell levels left.
You didn't know any spells.
Your spell library was empty.

Dungeon Overview and Level Annotations

Branches:
Dungeon (2/15)

Altars:


Innate Abilities, Weirdness & Mutations

You cannot wear most types of armour.
You are amphibious.
You can wear up to eight rings at the same time.
Your skin changes colour to match your surroundings (Stealth+).
Your rubbery body absorbs attacks. (AC +1, EV +1)
((You are camouflaged near water. (Stealth+)))
You have tentacles for arms and can constrict up to eight enemies at once.


Message History

You feel clever.
You barely miss the adder. Your grab misses the adder. The adder bites you.
You tentacle-slap the adder. Your grab misses the adder.
The adder is lightly wounded.
The adder bites you.
You are poisoned.
The adder poisons you!
You closely miss the adder. You grab the adder.
The adder is lightly wounded.
You constrict the adder.
You feel sick. The adder bites you.
You are more poisoned.
The adder poisons you! The adder closely misses you.
You release your grip on the adder.
A ball python comes into view.
You feel sick.
The ball python hisses angrily.
The kobold throws a stone.
The stone barely misses you.
The ball python moves out of view.
An adder comes into view.
You feel sick.
The adder moves out of view.
You feel sick. The adder bites you.
* * * LOW HITPOINT WARNING * * *
It was a potion of degeneration.
There was something very wrong with that liquid.
You feel weakened.
You feel dopey.
You feel clumsy.
* * * LOW HITPOINT WARNING * * *
You feel sick. The adder closely misses you.
You tentacle-slap the adder. Your grab misses the adder.
The adder is severely wounded.
* * * LOW HITPOINT WARNING * * *
You feel sick.
A ball python comes into view.
The adder barely misses you.
You closely miss the adder.
The ball python hisses angrily.
Your grab misses the adder.
The adder is severely wounded.
* * * LOW HITPOINT WARNING * * *
You feel sick. The adder misses you. The adder bites you.
You die...

..... .... S.S.#.#.
... .#....... ..
.....$..# [#
....##..##.# #.#.
.......>.# ....
...#...# # .....
#.#@<.## .#
......###KS#...#.###
.........###.......#
......##.###.#...#.#
.......#......##.#
..K...........# ##
.....K###.....# .
....( #.....# ..
.... # ##...##


You could see an adder, a ball python and a kobold.

Levels and vault maps discovered:
D:1:      scummos_arrival_gate, layout_basic
D:2:      layout_rooms, basic_altar, shapermc_ecumenical_altar_acropolis

Notes
Turn   | Place    | Note
-------+----------+-------------------------------------------
     0 | Abyss:1  | ABBCCCDDDD the Octopode Abyssal Knight began the quest for
                  | the Orb.
     0 | Abyss:1  | Reached XP level 1. HP: 16/16 MP: 2/2
    58 | Abyss:1  | Found a shimmering altar of Xom.
   337 | Abyss:1  | Noticed a purple draconian monk
   338 | D:1      | Escaped the Abyss
   740 | D:1      | Reached skill level 1 in Stealth
   752 | D:1      | Reached XP level 2. HP: 19/21 MP: 3/3
   875 | D:1      | Reached * piety under Lugonu
  1584 | D:2      | Reached XP level 3. HP: 26/26 MP: 4/4
  1598 | D:2      | HP: 1/26 [poisoned by an adder]
  1598 | D:2      | Slain by an adder

Table legend: (Time is in decaauts)
 A = Elapsed time spent in this place.
 B = Non-inter-level travel time spent in this place.
 C = Inter-level travel time spent in this place.
 D = Time resting spent in this place.
 E = Time spent auto-exploring this place.
 F = Levels seen in this place.
 G = Mean time per level.
                   A        B        C        D        E       F      G
               +--------+--------+--------+--------+--------+-----+--------+
         Total |   1596 |   1537 |     59 |    268 |   1137 |   3 |  532.0 |
       Dungeon |   1258 |   1199 |     59 |    268 |    809 |   2 |  629.0 |
         Abyss |    338 |    338 |      0 |      0 |    328 |   1 |  338.0 |
               +--------+--------+--------+--------+--------+-----+--------+

Top non-repeatable levels by time:
     D:1: 1221 daAuts
 Abyss:1: 338 daAuts
     D:2: 36 daAuts

Table legend:
 A = Kills in this place as a percentage of kills in entire the game.
 B = Kills by you in this place as a percentage of kills by you in the entire game.
 C = Kills by friends in this place as a percentage of kills by friends in the entire game.
 D = Other kills in this place as a percentage of other kills in the entire game.
 E = Experience gained in this place as a percentage of experience gained in the entire game.
 F = Experience gained in this place divided by the number of levels of this place that you have seen.
                   A       B       C       D       E      F
               +-------+-------+-------+-------+-------+----------------------
         Total | 100.0 | 100.0 |   N/A |   N/A | 100.0 |  11.3
       Dungeon | 100.0 | 100.0 |   N/A |   N/A | 100.0 |  17.0
               +-------+-------+-------+-------+-------+----------------------

Action                   || total
-------------------------++-------
Melee: Unarmed           ||    32
       Constrict         ||     5
       Tentacles         ||     3
Throw: Dart              ||     1
Invok: Depart the Abyss  ||     1
  Use: Potion            ||     1
 Stab: Sleeping          ||     1
Armor: Skin              ||     2
Dodge: Dodged            ||    21

Vanquished Creatures
  An adder (D:1)
  A bat (D:1)
  3 endoplasms (D:1)
  3 hobgoblins
  A quokka (D:1)
  A frilled lizard (D:1)
  3 kobolds (D:1)
13 creatures vanquished.
